 Dungeon Crawl Stone Soup version 0.16.1-2-g95b8d4c (webtiles) character file.

14 RobertPalmer the Grasshopper (level 2, 0/19 HPs)
             Began as an Octopode Warper on Mar 25, 2015.
             Slain by a kobold
             ... wielding a +0 whip of freezing
              (6 damage)
             ... on level 1 of the Dungeon.
             The game lasted 00:00:57 (443 turns).

RobertPalmer the Grasshopper (Octopode Warper)       Turns: 443, Time: 00:00:58

Health: 0/19       AC:  1    Str: 10    XL:     2   Next: 41%
Magic:  4/4        EV: 12    Int: 15    God:
Gold:   25         SH:  0    Dex: 11    Spells: 1 memorised, 4 levels left

rFire  . . .     SeeInvis .     a - +0 mace
rCold  . . .     Clarity  .     (no shield)
rNeg   . . .     SustAb   .     (helmet restricted)
rPois  .         Gourm    .     (no amulet)
rElec  .         Spirit   .     (no ring)
rCorr  .         Warding  .     (no ring)
rMut   .         Stasis   .     (no ring)
MR     .....                    (no ring)
Stlth  ++........               (no ring)
                                (no ring)
                                (no ring)
                                (no ring)

@: not resistant to hostile enchantments, unstealthy
A: almost no armour, amphibious, 8 rings, constrict 8, camouflage 1, gelatinous
body 1
a: no special abilities


You were on level 1 of the Dungeon.
You were not hungry.

You visited 1 branch of the dungeon, and saw 1 of its levels.

You collected 25 gold pieces.

Inventory:

Hand weapons
 a - a +0 mace (weapon)
Missiles
 e - 5 tomahawks of dispersal {=f}
Scrolls
 d - a scroll of blinking {!r}
 g - a scroll of remove curse {unknown}
Potions
 h - a potion of lignification {unknown}
Books
 c - a book of Spatial Translocations
Comestibles
 f - a bread ration {@e1}


   Skills:
 - Level 2.0 Fighting
 + Level 3.0 Maces & Flails
 - Level 1.0 Throwing
 - Level 2.3 Dodging
 - Level 2.0 Spellcasting
 - Level 3.0 Translocations


You had 4 spell levels left.
You knew the following spells:

 Your Spells              Type           Power        Failure   Level  Hunger
g - Apportation           Tloc           ##........   8%          1    #......


Dungeon Overview and Level Annotations

Branches:
Dungeon (1/15)

Altars:


Innate Abilities, Weirdness & Mutations

You cannot wear most types of armour.
You are amphibious.
You can wear up to eight rings at the same time.
You can use your tentacles to constrict many enemies at once.
Your skin changes colour to match your surroundings (Stealth).
Your rubbery body absorbs attacks (AC +1).


Message History

You see here a club.
You see here a whip.
h - a whip Wield which item (- for none, * to show all)? (? for menu, Esc to quit)
Okay, then.
Drop what? 8/52 slots (_ for help) (? for menu, Esc to quit)
You drop a whip.
You are alive.
You have 6 tentacles available for constriction.
Your movement speed is average.
Your attack speed is quite slow.
You are not resistant to hostile enchantments.
You feel unstealthy.
Unknown command.
You see here a whip.
h - a metallic ruby potion A giant gecko and a giant cockroach come into view.
There are monsters nearby!
There are monsters nearby!
You miss the giant gecko. Your grab misses the giant gecko.
You squeeze the giant gecko.
You kill the giant gecko!
The giant cockroach bites you but does no damage.
You closely miss the giant cockroach. You grab the giant cockroach.
You constrict the giant cockroach.
The giant cockroach completely misses you.
The giant cockroach barely misses you.
You hit the giant cockroach but do no damage.
You constrict the giant cockroach. The giant cockroach bites you.
You take 1 damage, and have 17/19 hp.
You hit the giant cockroach but do no damage.
You constrict the giant cockroach.
The giant cockroach waves its antennae.
The giant cockroach barely misses you. The giant cockroach bites you.
You take 1 damage, and have 16/19 hp.
You hit the giant cockroach!
You kill the giant cockroach!
No target in view!
A kobold comes into view. It is wielding a whip.
The kobold shouts!
A kobold is nearby!
A kobold is nearby!
A kobold is nearby!
The kobold closely misses you.
You miss the kobold. Your grab misses the kobold. The kobold misses you.
You hit the kobold.
You kill the kobold!
No target in view!
No target in view!
You see here a whip.
You see here a whip.
A goblin comes into view.
A goblin is nearby!
A goblin is nearby!
A goblin is nearby!
You closely miss the goblin. You grab the goblin. You constrict the goblin.
The goblin hits you. The goblin closely misses you.
You take 3 damage, and have 15/19 hp.
You hit the goblin!
You kill the goblin!
No target in view!
No target in view!
A kobold comes into view. It is wielding a whip of freezing.
The kobold shouts!
A kobold is nearby!
A kobold is nearby!
A kobold is nearby!
You closely miss the kobold. You grab the kobold. You constrict the kobold.
The kobold hits you with a whip of freezing.
The kobold freezes you.
You take 7 damage, and have 9/19 hp.
MASSIVE DAMAGE!!
You release your grip on the kobold.
A hobgoblin comes into view. It is wielding a club.
The hobgoblin shouts!
Drink which item? (? for menu, Esc to quit)
It was a potion of curing.
You feel better. The hobgoblin barely misses you.
You regained 5 hp, and now have 18/19 hp.
You barely miss the hobgoblin. Your grab misses the hobgoblin.
Your squeeze misses the hobgoblin.
The hobgoblin hits you but does no damage.
You closely miss the hobgoblin. Your grab misses the hobgoblin.
The hobgoblin hits you with a club.
You take 6 damage, and have 12/19 hp.
MASSIVE DAMAGE!!
You hit the hobgoblin.
You kill the hobgoblin!
Your Maces & Flails skill increases to level 3!
The kobold barely misses you.
You barely miss the kobold. Your grab misses the kobold.
The kobold barely misses you.
You barely miss the kobold. Your grab misses the kobold.
Your squeeze misses the kobold.
The kobold hits you with a whip of freezing.
The kobold freezes you.
You take 6 damage, and have 6/19 hp.
MASSIVE DAMAGE!!
You hit the kobold. You grab the kobold. You squeeze the kobold.
You constrict the kobold, but do no damage.
The kobold hits you with a whip of freezing.
You die...

######## #......#
##########.####)########
#.....K@.).# #..........
#### #.##########
#..######.# ...# #.#
#.)# ##.# #K# #..#
#.#######.# #..######.
#.##..K...# #.........
##....###### ##
#......... ..........#
..l..###..##.....
#########.#
#.........###


You could see a kobold.

Vanquished Creatures
  A giant gecko (D:1)
  A bat (D:1)
  A giant cockroach (D:1)
  2 goblins (D:1)
  2 hobgoblins (D:1)
  A jackal (D:1)
  2 kobolds (D:1)
10 creatures vanquished.

Notes
Turn   | Place    | Note
--------------------------------------------------------------
     0 | D:1      | RobertPalmer, the Octopode Warper, began the quest for the Orb.
     0 | D:1      | Reached XP level 1. HP: 14/14 MP: 3/3
    74 | D:1      | HP: 3/14 [goblin/club (1)]
   291 | D:1      | Reached XP level 2. HP: 16/19 MP: 4/4
   440 | D:1      | Reached skill level 3 in Maces & Flails
   443 | D:1      | Slain by a kobold

Action                   || total
-------------------------++-------
Melee: Mace              ||    25
  Use: Potion            ||     1

Vault maps used:
D:1:      dpeg_arrival_brainrot

Table legend:
 A = Turns spent in this place as a percentage of turns spent in the entire game.
 B = Non-inter-level travel turns spent in this place as a percentage of non-inter-level travel turns spent in the entire game.
 C = Inter-level travel turns spent in this place as a percentage of turns spent in this place.
 D = Turns resting spent in this place as a percentage of non-inter-level travel turns spent in this place.
 E = Turns spent auto-exploring this place as a percentage of non-inter-level travel turns spent in this place.
 F = Non-inter-level travel turns spent in this place divided by the number of levels of this place that you've seen.
                   A       B       C       D       E      F
               +-------+-------+-------+-------+-------+----------------------
         Total | 100.0 | 100.0 |   0.0 |   1.7 |   4.0 | 174.0
       Dungeon | 100.0 | 100.0 |   0.0 |   1.7 |   4.0 | 174.0
               +-------+-------+-------+-------+-------+----------------------

Table legend:
 A = Kills in this place as a percentage of kills in entire the game.
 B = Kills by you in this place as a percentage of kills by you in the entire game.
 C = Kills by friends in this place as a percentage of kills by friends in the entire game.
 D = Other kills in this place as a percentage of other kills in the entire game.
 E = Experience gained in this place as a percentage of experience gained in the entire game.
 F = Experience gained in this place divided by the number of levels of this place that you have seen.
                   A       B       C       D       E      F
               +-------+-------+-------+-------+-------+----------------------
         Total | 100.0 | 100.0 |  -nan |  -nan | 100.0 |  20.0
       Dungeon | 100.0 | 100.0 |  -nan |  -nan | 100.0 |  20.0
               +-------+-------+-------+-------+-------+----------------------
